 Dungeon Crawl Stone Soup version 0.26.1-11-gd32895ea62 (webtiles) character file.

Game seed: 14606590052801647575

1367 Zeld the Shield-Bearer (level 8, -7/73 HPs)
             Began as a Deep Dwarf Fighter on June 12, 2021.
             Was a Follower of Makhleb.
             Splashed by Edmund's acid (13 damage)
             ... on level 5 of the Dungeon.
             The game lasted 00:05:23 (4307 turns).

Zeld the Shield-Bearer (Deep Dwarf Fighter)         Turns: 4307, Time: 00:05:23

Health: -7/73      AC:  5    Str: 23    XL:     8   Next: 38%
Magic:  3/3        EV:  5    Int:  8    God:    Makhleb [*.....]
Gold:   232        SH: 11    Dex: 12    Spells: 7/7 levels left

rFire    . . .     SeeInvis .   a - +0 war axe
rCold    . . .     Faith    .   c - +0 kite shield
rNeg     . . .     Spirit   .   e - +0 plate armour
rPois    .         Reflect  .   h - +0 helmet
rElec    .         Harm     .   u - +0 cloak
rCorr    .         Rampage  .   (no gloves)
Will     +....                  (no boots)
Stlth    ..........             (no amulet)
HPRegen  0.00/turn              (no ring)
MPRegen  0.08/turn              (no ring)

@: corroded, non-regenerating
A: damage resistance, heal wounds, sense surroundings 1, no regeneration
a: Heal Wounds, Renounce Religion


You were on level 5 of the Dungeon.
You worshipped Makhleb.
Makhleb was aware of your devotion.
You visited 2 branches of the dungeon, and saw 6 of its levels.
You also visited: Ossuary.

You collected 232 gold pieces.

Inventory:

Hand Weapons
 a - a +0 war axe (weapon)
Armour
 c - a +0 kite shield (worn)
 e - a +0 plate armour (worn)
 h - a +0 helmet (worn)
 u - a +0 cloak (worn)
Scrolls
 f - a scroll of torment {unknown}
 g - a scroll of enchant armour
 l - a scroll of enchant weapon
 p - 3 scrolls of amnesia
 q - 2 scrolls of teleportation
Potions
 b - 2 potions of brilliance {unknown}
 d - a potion of might
 i - 4 potions of curing {unknown}
 j - 2 potions of haste {unknown}
 k - a potion of degeneration {unknown}
 m - a potion of magic {unknown}
 n - 2 potions of mutation {unknown}
 r - a potion of berserk rage {unknown}
 t - 3 potions of attraction {unknown}
 v - 2 potions of heal wounds {unknown}
 w - a potion of resistance {unknown}


   Skills:
 + Level 4.9 Fighting
 * Level 7.5 Axes
 - Level 3.2 Armour
 * Level 7.8 Shields


You had 7 spell levels left.
You didn't know any spells.
Your spell library was empty.

Dungeon Overview and Level Annotations

Branches:
Dungeon (5/15)             Temple (1/1) D:4         Ossuary (visited)

Altars:
Ashenzari
Cheibriados
Dithmenos
Elyvilon
Fedhas
Hepliaklqana
Kikubaaqudgha
Makhleb
Okawaru
Ru
Sif Muna
Trog
Vehumet
Wu Jian
Xom
Yredelemnul
The Shining One

Annotations:
D:5 Edmund


Innate Abilities, Weirdness & Mutations

You are resistant to damage.
You can heal yourself by infusing magical energy.
You passively map a small area around you.
You do not regenerate.


Message History

You hit Edmund but do no damage.
Edmund is moderately wounded.
Edmund zaps a wand.
The bolt of acid hits you!
You are splashed with acid!
You are too injured to fight recklessly!
You feel much better. You block Edmund's attack.
You hit Edmund but do no damage.
Edmund is moderately wounded.
Edmund says, "I might not be good at magic, but I can still kill you!"
Edmund zaps a wand.
The bolt of acid hits you!
You are splashed with acid!
You hit Edmund.
Edmund is moderately wounded.
Edmund says, "I might not be good at magic, but I can still kill you!"
Edmund zaps a wand.
The bolt of acid hits you.
You are splashed with acid!
You are too injured to fight recklessly!
You are too injured to fight recklessly!
You are too injured to fight recklessly!
You fail to use your ability.
Edmund zaps a wand.
The bolt of acid hits you!!
* * * LOW HITPOINT WARNING * * *
The acid corrodes you!
You are splashed with acid!
You die...

*,,,* **,,,#.##..........###
*,,,******,*#...............(
*,,,,,,,,,,*#..##########.###
*****,,,********#..# #....
,,,,,,,,* #..# #####
*****,,,* ##..####### * *,,,*
#.........# * *,,,*****
#.@.#####.# * *,,,,,,,* #@..#
#.# *****,,*###.####.#.# #.#
,,,,,,,,...........# #.#
*****,,*,#...###...# #.# **
*,,,,*##........# #O# ,*
**,,** ##.###...# #.# ,*
*,,,**#..###...# #.# ,*
*,,*,*,#.......# #.# ,*
*,,*#.*#.#.#..## #.#


You could see Edmund.

Vanquished Creatures
  An ice beast (D:4)
  2 ogres (D:5)
  4 elf zombies (Ossuary)
  A bullfrog (D:4)
  A water moccasin skeleton (D:5)
  A howler monkey (D:5)
  3 centaur zombies (Ossuary)
  A bullfrog zombie (D:3)
  4 orc wizards (D:4)
  5 human zombies (Ossuary)
  4 worker ants
  3 mummies (Ossuary)
  4 gnolls (D:4)
  5 adders
  A white imp (D:5)
  2 oozes
  3 worms
  A dart slug (D:1)
  4 orcs
  7 giant cockroaches
  8 goblins
  9 hobgoblins
  4 jackals (D:1)
  2 quokkas
  12 bats
  3 frilled lizards
  A jackal skeleton (D:4)
  5 kobolds
  A leopard gecko skeleton (D:5)
  7 rats
109 creatures vanquished.

Vanquished Creatures (others)
  A fungus (D:1)
  A plant (D:1)
2 creatures vanquished.

Grand Total: 111 creatures vanquished

Notes
Turn   | Place    | Note
-------+----------+-------------------------------------------
     0 | D:1      | Zeld the Deep Dwarf Fighter began the quest for the Orb.
     0 | D:1      | Reached XP level 1. HP: 20/20 MP: 1/1
   221 | D:2      | Reached XP level 2. HP: 22/27 MP: 2/2
   444 | D:3      | Reached XP level 3. HP: 33/34 MP: 3/3
   511 | D:4      | Reached XP level 4. HP: 41/42 MP: 4/4
   662 | D:4      | Noticed a bullfrog
   669 | D:4      | Killed a bullfrog
   670 | D:4      | Reached XP level 5. HP: 40/49 MP: 3/3
   679 | D:4      | Reached skill level 5 in Shields
   838 | D:4      | Reached XP level 6. HP: 49/56 MP: 4/4
  1081 | D:4      | Found a snail-covered altar of Cheibriados.
  1116 | D:4      | Found a staircase to the Ecumenical Temple.
  1116 | D:4      | Noticed an ice beast
  1131 | D:4      | Killed an ice beast
  1132 | D:4      | Reached skill level 5 in Axes
  1136 | Temple   | Entered the Ecumenical Temple
  1202 | Temple   | Became a worshipper of Makhleb the Destroyer
  2744 | D:2      | Reached * piety under Makhleb
  2805 | D:2      | Found a shimmering blue altar of Sif Muna.
  2899 | D:2      | Found a broken altar of Ashenzari.
  3450 | D:3      | Reached XP level 7. HP: 37/64 MP: 3/3
  3862 | D:5      | Entered Level 5 of the Dungeon
  4064 | D:5      | Found a sand-covered staircase.
  4068 | Ossuary  | Entered an ossuary
  4140 | Ossuary  | Reached XP level 8. HP: 63/73 MP: 3/3
  4295 | D:5      | Noticed Edmund
  4307 | D:5      | Splashed by Edmund's acid

Illustrated notes

Levels and vault maps discovered:
D:1:      tarquinn_simple_flora_water_f, layout_basic, serial_forest,
          infiniplex_forest_clump_small, infiniplex_forest_clump_curved,
          infiniplex_forest_end_2, infiniplex_forest_clump_tiny,
          infiniplex_forest_clump_C, infiniplex_forest_lined_corner,
          minmay_heptomino_l4
D:2:      layout_rooms, general_overflow_altar, nicolae_ashenzari_panopticon,
          serial_rivers, chequers_serial_rivers_marsh,
          chequers_serial_rivers_marsh, chequers_serial_rivers_micro_a,
          chequers_serial_rivers_large_b, chequers_serial_rivers_micro_c,
          chequers_serial_rivers_small_3, minmay_worlds_worst_comb
D:3:      layout_loops_ring, minmay_strange_pillars, dk_noncrumbling_2
D:4:      layout_basic, nicolae_overflow_hidden_temple,
          minmay_temple_entry_enclosed_plants
D:5:      layout_loops_ring, grunt_temple_overflow_open,
          nicolae_ossuary_entry_false_entrances, uniq_blork_the_orc,
          uniq_edmund, uniq_grinder, uniq_menkaure
Temple:   dpeg_chambers_temple

Skill      XL: |  1  2  3  4  5  6  7  8 |
---------------+-------------------------+-----
Fighting       | 3 4 |  4.9
Axes           | 3 4 5 6 7 |  7.5
Shields        | 4 5 6 7 |  7.8
Armour         | |  3.2

Action                   |  1- 3 |  4- 6 |  7- 9 || total
-------------------------+-------+-------+-------++-------
Melee: War axe           |    87 |   268 |   128 ||   483
 Abil: Heal Wounds       |     1 |     7 |     4 ||    12
  Use: Scroll            |       |       |     9 ||     9
Armor: Scale mail        |    45 |   144 |     5 ||   194
       Plate armour      |       |       |    71 ||    71
Dodge: Dodged            |    32 |    77 |    29 ||   138
Block: Kite shield       |    46 |   147 |   106 ||   299
